 Dungeon Crawl Stone Soup version 0.27-a0-1319-geec4fb4e21 (webtiles) character file.

Game seed: 5793657569932769027

161 incorrectman1 the Stinger (level 5, -3/37 HPs)
             Began as a Demonspawn Venom Mage on June 22, 2021.
             Slain by a yak (11 damage)
             ... on level 6 of the Dungeon.
             The game lasted 00:14:48 (4444 turns).

incorrectman1 the Stinger (Demonspawn Venom Mage)   Turns: 4444, Time: 00:14:49

Health: -3/37      AC:  2    Str:  9    XL:     5   Next: 19%
Magic:  9/9        EV: 12    Int: 17    God:
Gold:   104        SH:  0    Dex: 13    Spells: 5/10 levels left

rFire    + . .     SeeInvis +   f - staff of poison
rCold    + . .     Faith    .   (no shield)
rNeg     + . .     Spirit   .   a - +0 robe
rPois    +         Reflect  .   (helmet restricted)
rElec    .         Harm     .   e - scarf {rC+ rF+}
rCorr    .         Rampage  .   (no gloves)
Will     .....                  (no boots)
Stlth    ++........             (no amulet)
HPRegen  0.12/turn              d - ring of see invisible
MPRegen  0.11/turn              t - ring of positive energy

@: no status effects
A: antennae 1, foul stench 1, powered by death 1
a: no special abilities


You were on level 6 of the Dungeon.
You visited 1 branch of the dungeon, and saw 7 of its levels.

You collected 104 gold pieces.

Inventory:

Hand Weapons
 c - a +0 short sword
 s - a +0 hunting sling
Missiles
 j - 46 stones
 m - 53 arrows
 n - 3 boomerangs (quivered)
Armour
 a - a +0 robe (worn)
 e - a scarf of resistance (worn)
Magical Staves
 f - a staff of poison (weapon)
Jewellery
 d - a ring of see invisible (left hand)
 g - a +6 ring of dexterity
 t - a ring of positive energy (right hand)
Wands
 u - a wand of paralysis (4)
Scrolls
 b - 4 scrolls of identify
 h - 4 scrolls of teleportation
 l - a scroll of noise {unknown}
 o - a scroll of immolation {unknown}
Potions
 i - a potion of flight
 k - 2 potions of ambrosia
 p - a potion of magic {unknown}
 q - a potion of curing {unknown}
 r - a potion of lignification {unknown}


   Skills:
 + Level 1.1 Fighting
 + Level 0.4 Short Blades
 + Level 0.2 Staves
 + Level 2.0 Dodging
 + Level 2.3 Stealth
 + Level 3.2 Spellcasting
 + Level 1.9 Transmutations
 + Level 0.1 Air Magic
 + Level 3.8 Poison Magic


You had 5 spell levels left.
You knew the following spells:

 Your Spells              Type           Power      Damage    Failure   Level
a - Sting                 Tmut/Pois      72%        1d6       5%          1
b - Animate Skeleton      Necr           4%         N/A       17%         1
c - Poisonous Vapours     Pois/Air       28%        N/A       12%         2
d - Corona                Hex            2%         N/A       17%         1

Your spell library contained the following spells:

 Spells                   Type           Power      Damage    Failure   Level
 Apportation              Tloc           4%         N/A       17%         1
 Summon Small Mammal      Summ           8%         N/A       17%         1
 Ignite Poison            Fire/Tmut/Pois 13%        N/A       24%         3
 Call Imp                 Summ           2%         N/A       26%         2
 Mephitic Cloud           Conj/Pois/Air  10%        N/A       30%         3
 Olgreb's Toxic Radiance  Pois           23%        N/A       34%         4
 Call Canine Familiar     Summ           2%         N/A       45%         3
 Summon Guardian Golem    Hex/Summ       2%         N/A       45%         3
 Summon Ice Beast         Ice/Summ       2%         N/A       86%         4
 Summon Lightning Spire   Summ/Air       2%         N/A       86%         4


Dungeon Overview and Level Annotations

Branches:
Dungeon (7/15)
 Temple: D:4-7

Altars:
Yredelemnul

Annotations:
D:4 Robin


Innate Abilities, Weirdness & Mutations

You have a pair of small antennae on your head.
You may rarely emit foul miasma when damaged in melee.
You regenerate a little health from kills.


Message History

The adder looks even sicker.
The adder seems to slow down.
The adder bites you.
Casting: Sting (safe; 5% risk of failure)
Confirm with . or Enter, or press ? or * to list all spells.
Aiming: Sting (safe; 5% risk of failure)
Press: ? - help, Shift-Dir - straight line, f/p - adder
Aim: an adder (foul pestilence, almost dead, very poisoned, slow, 57% to hit)
You feel a surge of power!
You miscast Sting.
You are very lightly contaminated with residual magic.
Nothing appears to happen.
You feel sick.
You kill the adder!
You feel sick.
You see here an adder corpse.
You feel sick.
You feel sick.
You are no longer poisoned.
Your magical contamination has completely faded away.
There is a stone staircase leading up here.
You climb upwards.
A jelly and an orc wizard come into view.
Found 41 gold pieces and 19 bolts.
There is a stone staircase leading down here.
The orc wizard shouts!
You climb downwards.
There is a stone staircase leading up here.
HP restored.
j - 46 stones (gained 21)
An ogre is nearby! 2 yaks come into view.
The yak bellows!
A yak comes into view.
The yak gores you. The yak barely misses you.
The yak bellows!
You hit the yak but do no damage. The yak gores you! The yak gores you.
You hit the yak but do no damage. The yak gores you.
The yak closely misses you.
You barely miss the yak. The yak barely misses you. x2
You hit the yak but do no damage. The yak gores you!
* * * LOW HITPOINT WARNING * * *
The yak gores you!
You die...

#.##### ##.....##
###.### #.#
##...## #.# #.#
##+## #.# #.# #.#
# #.# ##.### #.#
##..... #.#
#.....Y########.#
#....Y@........#
.....#Y##########
##. ... #.### #


You could see 3 yaks.

Vanquished Creatures
  A howler monkey (D:6)
  5 adders
  A dart slug (D:1)
  An orc (D:3)
  2 bats (D:2)
  2 endoplasms (D:1)
  A giant cockroach (D:3)
  14 goblins
  6 hobgoblins
  7 jackals
  9 kobolds
  6 quokkas
  A ball python (D:2)
  4 frilled lizards
  8 rats
68 creatures vanquished.

Notes
Turn   | Place    | Note
-------+----------+-------------------------------------------
     0 | D:1      | incorrectman1 the Demonspawn Venom Mage began the quest for
                  | the Orb.
     0 | D:1      | Reached XP level 1. HP: 13/13 MP: 3/3
   315 | D:1      | Learned a level 1 spell: Animate Skeleton
   326 | D:1      | Reached skill level 1 in Transmutations
   331 | D:1      | Gained mutation: You regenerate a little health from kills.
                  | [demonic ancestry]
   331 | D:1      | Reached XP level 2. HP: 9/19 MP: 0/5
   806 | D:1      | Learned a level 2 spell: Poisonous Vapours
  1148 | D:1      | You fall into a shaft and drop 1 floor!
  1173 | D:2      | Gained mutation: You may rarely emit foul miasma when
                  | damaged in melee. [demonic ancestry]
  1173 | D:2      | Reached XP level 3. HP: 24/24 MP: 3/6
  2503 | D:2      | Learned a level 1 spell: Corona
  2862 | D:3      | Gained mutation: You have a pair of small antennae on your
                  | head. [demonic ancestry]
  2862 | D:3      | Reached XP level 4. HP: 22/30 MP: 3/8
  3219 | D:3      | Found a basalt altar of Yredelemnul.
  3457 | D:4      | Noticed Robin
  3587 | D:4      | You fall into a shaft and drop 3 floors!
  3741 | D:6      | Noticed a necrophage
  3845 | D:6      | Noticed an ogre
  3925 | D:6      | Reached skill level 1 in Fighting
  3925 | D:6      | Reached XP level 5. HP: 5/37 MP: 5/9
  4217 | D:5      | Entered Level 5 of the Dungeon
  4437 | D:6      | Noticed a yak
  4437 | D:6      | Noticed a yak
  4438 | D:6      | Noticed a yak
  4444 | D:6      | Slain by a yak

Illustrated notes

Levels and vault maps discovered:
D:1:      sevenhm_arrival_forest_fort_large_2, layout_rooms,
          hangedman_decor_points, serial_park_tiny_1
D:2:      layout_loops_ring, small_statue_intersection
D:3:      layout_rooms, lemuel_doored_altar
D:4:      layout_layer_cave, tso_oasis_becter, grunt_temple_overflow_diamond,
          kennysheep_cross_room, uniq_robin, uniq_sigmund
D:5:      layout_gridville, serial_shops, shop, minmay_misc_feat_hallway,
          uniq_duvessa, uniq_pikel, uniq_eustachio
D:6:      layout_loops_corners
D:7:      layout_basic, minmay_temple_entry_crystal_x

Skill      XL: |  1  2  3  4 |
---------------+-------------+-----
Transmutations | 1 |  1.9
Stealth        | 2 |  2.3
Spellcasting   | 3 |  3.2
Fighting       | 1 |  1.1
Dodging        | 2 |  2.0
Short Blades   | |  0.4
Staves         | |  0.2
Air Magic      | |  0.1
Poison Magic   | |  3.8

Action                   |  1- 3 |  4- 6 || total
-------------------------+-------+-------++-------
Melee: Short sword       |    13 |       ||    13
       Unarmed           |     3 |       ||     3
       Staff             |    46 |    24 ||    70
Throw: Boomerang         |       |     2 ||     2
 Cast: Sting             |    49 |    25 ||    74
       Animate Skeleton  |     2 |       ||     2
       Poisonous Vapours |    10 |       ||    10
       Corona            |       |     1 ||     1
  Use: Scroll            |     3 |       ||     3
Armor: Robe              |    17 |     7 ||    24
Dodge: Dodged            |    58 |    42 ||   100

Table legend: (Time is in decaauts)
 A = Elapsed time spent in this place.
 B = Non-inter-level travel time spent in this place.
 C = Inter-level travel time spent in this place.
 D = Time resting spent in this place.
 E = Time spent auto-exploring this place.
 F = Levels seen in this place.
 G = Mean time per level.
                   A        B        C        D        E       F      G
               +--------+--------+--------+--------+--------+-----+--------+
         Total |   4457 |   4391 |     66 |    530 |   2681 |   7 |  636.7 |
       Dungeon |   4457 |   4391 |     66 |    530 |   2681 |   7 |  636.7 |
               +--------+--------+--------+--------+--------+-----+--------+

Top non-repeatable levels by time:
     D:2: 1639 daAuts
     D:1: 1149 daAuts
     D:6: 801 daAuts
     D:3: 723 daAuts
     D:4: 88 daAuts
     D:7: 54 daAuts
     D:5: 1 daAuts
